 Dungeon Crawl Stone Soup version 0.28.0-43-g3370ac3207 (webtiles) character file.

Game seed: 16521117505770689905

559 croobank the Firebug (level 7, -2/51 HPs)
             Began as a Gnoll Fire Elementalist on Mar 1, 2022.
             Killed by divine providence
             ... invoked by an orc priest
              (12 damage)
             ... on level 4 of the Dungeon.
             The game lasted 00:11:06 (3249 turns).

croobank the Firebug (Gnoll Fire Elementalist)      Turns: 3249, Time: 00:11:07

Health: -2/51      AC:  2    Str:  7    XL:     7   Next: 31%
Magic:  0/15       EV: 15    Int: 16    God:
Gold:   90         SH:  0    Dex: 19    Spells: 5/17 levels left

rFire   . . .      SeeInvis .   a - +1 dagger (protect)
rCold   . . .      Faith    .   (no shield)
rNeg    . . .      Spirit   .   l - +0 robe
rPois   .          Reflect  .   (no helmet)
rElec   .          Harm     .   (no cloak)
rCorr   .          Rampage  .   (no gloves)
Will    .....                   (no boots)
Stlth   +++.......              (no amulet)
HPRegen 0.17/turn               s - +6 ring of dexterity
MPRegen 0.14/turn               (no ring)

@: no status effects
A: fangs 1, strong nose, distributed training
a: no special abilities


You were on level 4 of the Dungeon.
You visited 1 branch of the dungeon, and saw 4 of its levels.

You collected 90 gold pieces.

Inventory:

Hand Weapons
 a - a +1 dagger of protection (weapon)
 b - a +0 arbalest
 e - a +0 hunting sling
 k - a +0 short sword
 p - a +1 dagger of venom
Missiles
 f - 24 sling bullets
 h - 38 arrows
 i - 87 stones
 n - 19 bolts
Armour
 l - a +0 robe (worn)
Magical Staves
 q - a staff of death
Jewellery
 s - a +6 ring of dexterity (left hand)
Scrolls
 d - a scroll of fear
 g - 2 scrolls of blinking {unknown}
 m - a scroll of teleportation {unknown}
 r - a scroll of vulnerability {unknown}
Potions
 c - a potion of brilliance
 j - a potion of attraction


   Skills:
 + Level 2.4 Fighting
 + Level 2.4 Short Blades
 + Level 2.4 Long Blades
 + Level 2.4 Axes
 + Level 2.4 Maces & Flails
 + Level 2.4 Polearms
 + Level 2.4 Staves
 + Level 2.4 Slings
 + Level 2.4 Bows
 + Level 2.4 Crossbows
 + Level 2.4 Throwing
 + Level 2.4 Armour
 + Level 5.2 Dodging
 + Level 4.8 Stealth
 + Level 2.4 Shields
 + Level 2.4 Unarmed Combat
 + Level 5.6 Spellcasting
 + Level 2.9 Conjurations
 + Level 2.0 Hexes
 + Level 2.0 Summonings
 + Level 2.0 Necromancy
 + Level 2.0 Translocations
 + Level 2.0 Transmutations
 + Level 5.8 Fire Magic
 + Level 2.0 Ice Magic
 + Level 2.0 Air Magic
 + Level 2.0 Earth Magic
 + Level 2.0 Poison Magic
 + Level 2.6 Invocations
 + Level 2.4 Evocations


You had 5 spell levels left.
You knew the following spells:

 Your Spells              Type           Power      Damage    Failure   Level
a - Foxfire               Conj/Fire      72%        2x1d7     2%          1
b - Scorch                Fire           46%        2d7       1%          2
c - Flame Wave            Conj/Fire      18%        2d6       24%         4
d - Ensorcelled Hibernat  Hex/Ice        20%        N/A       10%         2
e - Swiftness             Air            10%        N/A       19%         3

Your spell library contained the following spells:

 Spells                   Type           Power      Damage    Failure   Level
 Conjure Flame            Conj/Fire      18%        6-21      7%          3
 Inner Flame              Hex/Fire       17%        N/A       9%          3
 Blink                    Tloc           20%        N/A       10%         2
 Passwall                 Tmut/Erth      8%         N/A       10%         2
 Lesser Beckoning         Tloc           10%        N/A       19%         3
 Manifold Assault         Tloc           10%        N/A       87%         5


Dungeon Overview and Level Annotations

Branches:
Dungeon (4/15)
 Temple: D:4-7

Altars:
Ashenzari
Kikubaaqudgha
Nemelex Xobeh


Innate Abilities, Weirdness & Mutations

You have very sharp teeth.
Your uncanny sense of smell can sniff out nearby items.
Your experience applies equally to all skills.


Message History

The hound is heavily wounded.
The foxfire hits the hound but does no damage.
The hound is heavily wounded.
The hound misses you. The iguana misses you.
You barely miss the hound.
The hound is heavily wounded.
The iguana is no longer more vulnerable to fire.
The hound bites you but does no damage. The iguana barely misses you.
You closely miss the hound.
The hound is heavily wounded.
The hound bites you but does no damage. The hound misses you.
The iguana bites you!
* * * LOW HITPOINT WARNING * * *
Casting: Foxfire (safe; 2% risk of failure)
Confirm with . or Enter, or press ? or * to list all spells.
The spell is quite dangerous to miscast (24% risk of failure)!
Continue anyway? [Y]es or [N]o only, please.
The spell is quite dangerous to miscast (24% risk of failure)!
Continue anyway?
Casting: Flame Wave (quite dangerous; 24% risk of failure)
Press: ? - help, Dir - look around, f - activate A wave of flame ripples out!
The flame wave engulfs the iguana.
The iguana is heavily wounded.
The flame wave engulfs the hound!
You kill the hound! (Press . to intensify the flame waves.)
The iguana closely misses you.
Your Hexes skill increases to level 2!
Your Summonings skill increases to level 2!
Your Necromancy skill increases to level 2!
Your Translocations skill increases to level 2!
Your Transmutations skill increases to level 2!
Your Ice Magic skill increases to level 2!
Your Air Magic skill increases to level 2!
Your Earth Magic skill increases to level 2!
Your Poison Magic skill increases to level 2!
Without enough magic to sustain them, the waves of flame dissipate.
The iguana barely misses you.
The orc priest invokes the aid of Beogh against you.
Beogh smites you!
You die...

##. ##.... ...###.... ∆
........##.....##..... .
.......##............
..###.....###...#.......
...........##..##.......
......l...##..........##
......o@..###..........#
.....###..#.............
.... ###.....<##......#
. ..##.#.............##
...................#
....#.........#[......
#...........####.....
#..............##....
.##..............##...


You could see an iguana and an orc priest.

Vanquished Creatures
  Grinder (D:3)
  A phantom (D:4)
  2 hounds (D:4)
  A jelly (D:4)
  Natasha (thrice) (D:3)
  A hound skeleton (D:3)
  4 adders
  A worm (D:4)
  A dart slug (D:4)
  2 orcs (D:4)
  7 ball pythons
  3 bats
  7 endoplasms
  4 giant cockroaches
  6 goblins
  5 hobgoblins
  8 jackals (D:2)
  2 quokkas
  2 frilled lizards
  6 kobolds
  4 rats
71 creatures vanquished.

Vanquished Creatures (collateral kills)
  A foxfire (D:2)
1 creature vanquished.

Vanquished Creatures (others)
  121 foxfires
  A plant (D:3)
122 creatures vanquished.

Grand Total: 194 creatures vanquished

Notes
Turn   | Place    | Note
-------+----------+-------------------------------------------
     0 | D:1      | croobank the Gnoll Fire Elementalist began the quest for
                  | the Orb.
     0 | D:1      | Reached XP level 1. HP: 13/13 MP: 6/6
   205 | D:1      | Reached XP level 2. HP: 19/19 MP: 4/7
   666 | D:2      | Reached XP level 3. HP: 25/25 MP: 6/9
   670 | D:2      | Learned a level 2 spell: Scorch
   700 | D:2      | Reached skill level 5 in Spellcasting
   810 | D:2      | Reached skill level 1 in Invocations
  1352 | D:2      | Reached skill level 1 in Fighting
  1352 | D:2      | Reached skill level 1 in Short Blades
  1352 | D:2      | Reached skill level 1 in Long Blades
  1352 | D:2      | Reached skill level 1 in Axes
  1352 | D:2      | Reached skill level 1 in Maces & Flails
  1352 | D:2      | Reached skill level 1 in Polearms
  1352 | D:2      | Reached skill level 1 in Staves
  1352 | D:2      | Reached skill level 1 in Slings
  1352 | D:2      | Reached skill level 1 in Bows
  1352 | D:2      | Reached skill level 1 in Crossbows
  1352 | D:2      | Reached skill level 1 in Throwing
  1352 | D:2      | Reached skill level 1 in Armour
  1352 | D:2      | Reached skill level 1 in Shields
  1352 | D:2      | Reached skill level 1 in Unarmed Combat
  1352 | D:2      | Reached skill level 1 in Evocations
  1523 | D:2      | Reached XP level 4. HP: 32/32 MP: 8/11
  1528 | D:2      | Learned a level 4 spell: Flame Wave
  1724 | D:2      | Learned a level 2 spell: Ensorcelled Hibernation
  1991 | D:3      | Noticed Natasha
  1999 | D:3      | Killed Natasha
  2000 | D:3      | Reached skill level 1 in Hexes
  2000 | D:3      | Reached skill level 1 in Summonings
  2000 | D:3      | Reached skill level 1 in Necromancy
  2000 | D:3      | Reached skill level 1 in Translocations
  2000 | D:3      | Reached skill level 1 in Transmutations
  2000 | D:3      | Reached skill level 1 in Ice Magic
  2000 | D:3      | Reached skill level 1 in Air Magic
  2000 | D:3      | Reached skill level 1 in Earth Magic
  2000 | D:3      | Reached skill level 1 in Poison Magic
  2209 | D:3      | Reached XP level 5. HP: 37/37 MP: 8/12
  2308 | D:3      | Noticed Grinder
  2317 | D:3      | Killed Grinder
  2318 | D:3      | Reached skill level 5 in Dodging
  2318 | D:3      | Reached XP level 6. HP: 33/44 MP: 3/14
  2610 | D:3      | Found a faded altar of an unknown god.
  2713 | D:3      | Learned a level 3 spell: Swiftness
  2763 | D:3      | Found a sparkling altar of Nemelex Xobeh.
  2765 | D:3      | Noticed Natasha
  2769 | D:3      | Killed Natasha
  2832 | D:3      | Noticed Natasha
  2837 | D:3      | Killed Natasha
  2946 | D:3      | Found an ancient bone altar of Kikubaaqudgha.
  3002 | D:3      | Found a broken altar of Ashenzari.
  3031 | D:4      | Reached XP level 7. HP: 50/50 MP: 7/15
  3249 | D:4      | Killed from afar by an orc priest

Illustrated notes

Levels and vault maps discovered:
D:1:      roderic_crop_circles_arrival_small, layout_basic
D:2:      minmay_razor_zed, layout_rooms, serial_park_tiny_1
D:3:      layout_loops_corners, general_overflow_altar,
          nicolae_overflow_hidden_temple, nicolae_overflow_crystal_walls,
          chequers_ecumenical_altar_simple_redux, kennysheep_nondescript,
          serial_bayou_pond_a, uniq_grinder, uniq_natasha
D:4:      layout_cave_pools, minmay_temple_entry_wispy

Skill      XL: |  1  2  3  4  5  6  7 |
---------------+----------------------+-----
Conjurations   | 2 |  2.9
Spellcasting   | 5 |  5.6
Invocations    | 1 2 |  2.6
Fighting       | 1 2 |  2.4
Short Blades   | 1 2 |  2.4
Long Blades    | 1 2 |  2.4
Axes           | 1 2 |  2.4
Maces & Flails | 1 2 |  2.4
Polearms       | 1 2 |  2.4
Staves         | 1 2 |  2.4
Slings         | 1 2 |  2.4
Bows           | 1 2 |  2.4
Crossbows      | 1 2 |  2.4
Throwing       | 1 2 |  2.4
Armour         | 1 2 |  2.4
Shields        | 1 2 |  2.4
Unarmed Combat | 1 2 |  2.4
Evocations     | 1 2 |  2.4
Hexes          | 1 2 |  2.0
Summonings     | 1 2 |  2.0
Necromancy     | 1 2 |  2.0
Translocations | 1 2 |  2.0
Transmutations | 1 2 |  2.0
Ice Magic      | 1 2 |  2.0
Air Magic      | 1 2 |  2.0
Earth Magic    | 1 2 |  2.0
Poison Magic   | 1 2 |  2.0
Dodging        | 5 |  5.2
Stealth        | |  4.8
Fire Magic     | |  5.8

Action                   |  1- 3 |  4- 6 |  7- 9 || total
-------------------------+-------+-------+-------++-------
Melee: Dagger            |    12 |       |    20 ||    32
       Short sword       |     6 |       |       ||     6
       Bite              |     1 |       |     1 ||     2
 Cast: Foxfire           |    37 |    30 |    12 ||    79
       Scorch            |    10 |    21 |     4 ||    35
       Flame Wave        |       |       |     2 ||     2
  Use: Scroll            |     1 |     2 |       ||     3
       Potion            |       |     1 |     1 ||     2
Armor: Robe              |     9 |     1 |    10 ||    20
Dodge: Dodged            |    19 |     5 |    16 ||    40
